 Dungeon Crawl Stone Soup version 0.29-a0-542-g075992c915 (webtiles) character file.

Game seed: 10201960964338322161

18 ders the Magician (level 2, -10/21 HPs)
             Began as a Djinni Conjurer on June 3, 2022.
             Mangled by Sigmund
             ... wielding a +0 scythe
              (11 damage)
             ... on level 2 of the Dungeon.
             The game lasted 00:01:12 (1445 turns).

ders the Magician (Djinni Conjurer)                 Turns: 1445, Time: 00:01:13

Health: -10/21     AC:  3    Str:  6    XL:     2   Next: 90%
Gold:   20         EV: 12    Int: 19    God:
                   SH:  0    Dex: 11

rFire   + + .      SeeInvis .   (no weapon)
rCold   x . .      Faith    .   (no shield)
rNeg    . . .      Spirit   .   a - +0 robe
rPois   ∞          Reflect  .   (no helmet)
rElec   .          Harm     .   (no cloak)
rCorr   .          Rampage  .   g - +0 pair of gloves
Will    .....                   (boots unavailable)
Stlth   +.........              (no amulet)
HPRegen 0.07/turn               (no ring)
MPRegen 0.00/turn               (no ring)

@: confused, flying, very slightly contaminated
A: sickness immunity, fire resistance 2, cold vulnerability 1, float, innate
caster, HP casting, extra vitality 1
a: no special abilities


You were on level 2 of the Dungeon.
You visited 1 branch of the dungeon, and saw 2 of its levels.

You collected 56 gold pieces.
You spent 36 gold pieces at shops.

Inventory:

Armour
 a - a +0 robe (worn)
 g - a +0 pair of gloves (worn)
Scrolls
 b - a scroll of immolation {unknown}
 c - a scroll of teleportation
 d - a scroll of noise {unknown}
 e - a scroll of magic mapping {unknown}
 f - a scroll of poison {unknown}


   Skills:
 - Level 2.1 Dodging
 - Level 1.5 Stealth
 + Level 3.8 Spellcasting


You couldn't memorise any spells.
You knew the following spells:

 Your Spells              Type           Power      Damage    Failure   Level
a - Magic Dart            Conj           72%        1d6       3%          1
b - Searing Ray           Conj           36%        2d5       4%          2
c - Dazzling Flash        Conj/Hex       36%        N/A       9%          3
d - Fulminant Prism       Conj/Hex       9%         3d7       28%         4
e - Iskenderun's Mystic   Conj/Tloc      18%        2d6       28%         4
Your spell library was empty.

Dungeon Overview and Level Annotations

Branches:
Dungeon (2/15)

Altars:

Shops:
D:1 ?

Annotations:
D:2 Sigmund


Innate Abilities, Weirdness & Mutations

You are immune to sickness and miasma.
You are immune to poison.
Your flesh is very heat resistant. (rF++)
You are vulnerable to cold. (rC-)
You float through the air rather than walking.
You learn spells naturally, not from books.
Your magical power is your life essence.
You have superior vitality. (+4 MHP)


Message History

Casting: Magic Dart (safe; 3% risk of failure)
Confirm with . or Enter, or press ? or * to list all spells.
Aiming: Searing Ray (safe; 4% risk of failure)
Press: ? - help, Shift-Dir - straight line, f/p - Sigmund
Aim: Sigmund, wielding a +0 scythe and wearing a +2 robe of willpower (moderately wounded, 75% to hit)
The searing ray hits Sigmund but does no damage.
Sigmund is moderately wounded. (Press . to maintain the ray.) Sigmund closely misses you.
Unknown command.
Casting: Searing Ray (safe; 4% risk of failure)
Confirm with . or Enter, or press ? or * to list all spells.
Restarting spell: Searing Ray (safe; 4% risk of failure)
Press: ? - help, Shift-Dir - straight line, f/p - Sigmund
Aim: Sigmund, wielding a +0 scythe and wearing a +2 robe of willpower (moderately wounded, 75% to hit)
The searing ray hits Sigmund.
Sigmund is heavily wounded. (Press . to maintain the ray.) Unknown command.
Casting: Searing Ray (safe; 4% risk of failure)
Confirm with . or Enter, or press ? or * to list all spells.
Restarting spell: Searing Ray (safe; 4% risk of failure)
Press: ? - help, Shift-Dir - straight line, f/p - Sigmund
Aim: Sigmund, wielding a +0 scythe and wearing a +2 robe of willpower (heavily wounded, 75% to hit)
The searing ray hits Sigmund.
Sigmund is heavily wounded. (Press . to maintain the ray.) Sigmund points at you and mumbles some strange words.
You are confused.
Unknown command.
You aren't carrying any potions.
You aren't carrying any potions.
You're too confused to cast spells.
You are too confused!
Sigmund hits you from afar with a +0 scythe!
* * * LOW HITPOINT WARNING * * *
Sigmund hits you but does no damage.
Sigmund hits you from afar with a +0 scythe!
Ouch! That really hurt!
You die...

....##.....###.#...
.## #....... ....
#..(###.##..# #...#
#.##..#### #.###
#........# ..
#........#
##...@....#
#......<..#
#..@......#
#..........#
.......$..........
####...###########
####


You could see Sigmund.

Vanquished Creatures
  A worm (D:1)
  A dart slug (D:1)
  2 ball pythons (D:1)
  A bat (D:1)
  3 endoplasms (D:1)
  A goblin (D:1)
  A frilled lizard (D:1)
  2 kobolds (D:1)
12 creatures vanquished.

Notes
Turn   | Place    | Note
-------+----------+-------------------------------------------
     0 | D:1      | ders the Djinni Conjurer began the quest for the Orb.
     0 | D:1      | Reached XP level 1. HP: 15/15 MP: 0/0
    95 | D:1      | Reached XP level 2. HP: 3/21 MP: 0/0
   533 | D:1      | Found Vagiun's Magic Scroll Boutique.
   540 | D:1      | Bought a scroll of teleportation for 36 gold pieces
  1398 | D:2      | Noticed Sigmund
  1442 | D:2      | HP: 1/21 [Sigmund/+0 scythe (7)]
  1445 | D:2      | Mangled by Sigmund

Illustrated notes

Levels and vault maps discovered:
D:1:      onia_arrival_mini_maze_b, layout_loops_ring, serial_shops,
          nicolae_diamond_shop
D:2:      layout_rooms, dreamdust_ecumenical_altar_angels_and_demons,
          hangedman_decor_growths, minmay_rat_hole, uniq_sigmund

Action                   || total
-------------------------++-------
 Cast: Magic Dart        ||    33
       Searing Ray       ||     5
Armor: Robe              ||     1
Dodge: Dodged            ||     1

Table legend: (Time is in decaauts)
 A = Elapsed time spent in this place.
 B = Non-inter-level travel time spent in this place.
 C = Inter-level travel time spent in this place.
 D = Time resting spent in this place.
 E = Time spent auto-exploring this place.
 F = Levels seen in this place.
 G = Mean time per level.
                   A        B        C        D        E       F      G
               +--------+--------+--------+--------+--------+-----+--------+
         Total |   1445 |   1287 |    158 |    391 |    813 |   2 |  722.5 |
       Dungeon |   1445 |   1287 |    158 |    391 |    813 |   2 |  722.5 |
               +--------+--------+--------+--------+--------+-----+--------+

Top non-repeatable levels by time:
     D:1: 1431 daAuts
     D:2: 13 daAuts
